 Dungeon Sprint DCSS version 0.29.1-12-g30fa7ad0bf (webtiles) character file.

Game seed: 2404961100898982784

15775 Groucho the Unseen (level 12, -12/67 HPs)
             Began as a Spriggan Enchanter on Dec 17, 2022.
             Was the Champion of Dithmenos.
             Killed from afar by a hellephant (63 damage)
             ... with a blast of flame
             ... in the Dungeon (Sprint II: "The Violet Keep of Menkaure").
             The game lasted 00:13:31 (2769 turns).

Groucho the Unseen (Spriggan Enchanter)             Turns: 2769, Time: 00:13:32

Health: -12/67     AC:  2    Str: 14    XL:     12   Next: 4%
Magic:  29/31      EV: 28    Int: 16    God:    Dithmenos [******]
Gold:   1757       SH:  5    Dex: 17    Spells: 28/39 levels left

rFire   . . .      SeeInvis +   a - +1 dagger
rCold   . . .      Faith    .   (no shield)
rNeg    . . .      Spirit   .   b - +0 robe
rPois   +          Reflect  +   (helmet restricted)
rElec   .          Harm     .   h - scarf {+Inv}
rCorr   .          Rampage  .   (gloves unavailable)
Will    ++...      NoTele   +   (boots unavailable)
Stlth   ++++++....              A - amulet of reflection
HPRegen 0.21/turn               j - ring of poison resistance
MPRegen 0.22/turn               y - +6 ring of strength

@: wreathed by umbra, slow
A: very small, no large weapons, unfitting armour, see invisible, speed 3
a: Renounce Religion, Evoke Invisibility, Shadow Step, Shadow Form


You were in the Dungeon.
You worshipped Dithmenos.
Dithmenos was exalted by your worship.
You visited 1 branch You collected 2311 gold pieces.
You spent 554 gold pieces at shops.

Inventory:

Hand Weapons
 a - a +1 dagger (weapon)
Missiles
 s - 59 stones (quivered)
 B - 4 poisoned darts
Armour
 b - a +0 robe (worn)
 f - a scarf of resistance
 h - a scarf of invisibility (worn)
Jewellery
 j - a ring of poison resistance (left hand)
 o - the amulet "Daang" {rN+++ Regen+ MP-9 Slay+2}
   (You found it in the Dungeon)

   [amulet of regeneration]

   Slay:      It affects your accuracy & damage with ranged weapons and melee
   (+2).
   rN:        It renders you almost immune to negative energy.
   MP:        It affects your magic capacity (-9).
   Regen:     It increases your rate of health regeneration.
 p - a +6 ring of intelligence
 y - a +6 ring of strength (right hand)
 A - an amulet of reflection (around neck)
Scrolls
 i - 2 scrolls of blinking
 k - 4 scrolls of identify {unknown}
 r - 2 scrolls of fear {unknown}
 u - a scroll of vulnerability {unknown}
 w - a scroll of amnesia {unknown}
 x - a scroll of magic mapping {unknown}
 z - a scroll of enchant weapon {unknown}
Potions
 c - 4 potions of flight
 d - 3 potions of curing
 g - 5 potions of magic
 l - 2 potions of might {unknown}
 m - 5 potions of resistance {unknown}
 n - a potion of experience {unknown}
 q - 3 potions of haste
 t - a potion of mutation {unknown}
 v - a potion of degeneration {unknown}


   Skills:
 + Level 9.9 Fighting
 - Level 10.0 Short Blades
 + Level 4.0 Throwing
 + Level 15.2 Dodging
 - Level 17.0 Stealth
 + Level 14.2 Spellcasting
 * Level 6.2 Conjurations
 - Level 15.0 Hexes
 + Level 3.9 Invocations
 - Level 15.0 Evocations


You had 28 spell levels left.
You knew the following spells:

 Your Spells              Type           Power      Damage    Failure   Level
a - Ensorcelled Hibernat  Hex/Ice        70%        N/A       1%          2
b - Confusing Touch       Hex            56%        N/A       1%          3
c - Dazzling Flash        Conj/Hex       90%        N/A       1%          3
d - Tukima's Dance        Hex            56%        N/A       1%          3

Your spell library contained the following spells:

 Spells                   Type           Power      Damage    Failure   Level
 Portal Projectile        Hex/Tloc       70%        N/A       1%          3
 Static Discharge         Conj/Air       21%        3-6/arc   2%          2
 Leda's Liquefaction      Hex/Erth       17%        N/A       2%          4
 Apportation              Tloc           22%        N/A       6%          1
 Blink                    Tloc           22%        N/A       9%          2
 Sticky Flame             Conj/Fire      21%        2d4       16%         4
 Call Canine Familiar     Summ           11%        N/A       19%         3
 Gell's Gravitas          Tloc           11%        N/A       19%         3
 Dispel Undead            Necr           11%        3d9       52%         4


Dungeon Overview and Level Annotations

Branches:
Dungeon (1/1)

Altars:
Cheibriados
Dithmenos
Elyvilon
Fedhas
Gozag
Hepliaklqana
Kikubaaqudgha
Makhleb
Nemelex Xobeh
Okawaru
Qazlal
Ru
Sif Muna
Trog
Uskayaw
Vehumet
Wu Jian
Xom
Yredelemnul
Zin
The Shining One
Jiyva
Lugonu

Shops:
D :=*!!(?(=!*:=[[

Annotations:
D exclusion: oklob plant


Innate Abilities, Weirdness & Mutations

You are very small and have problems with some larger weapons.
You are too small for most types of armour.
You have supernaturally acute eyesight. (SInv)
You cover ground extremely quickly. (Speed+++)


Message History

The earth elemental is moderately damaged.
You hit the earth elemental.
The earth elemental is moderately damaged.
Your shadow hits the earth elemental but does no damage.
You hit the earth elemental but do no damage.
The earth elemental is moderately damaged.
Your shadow hits the earth elemental but does no damage.
You block the earth elemental's attack.
You hit the earth elemental.
The earth elemental is moderately damaged.
Your shadow hits the earth elemental but does no damage.
You hit the earth elemental but do no damage.
The earth elemental is moderately damaged.
You hit the earth elemental but do no damage.
The earth elemental is moderately damaged.
The hellephant trumpets!
You hit the earth elemental but do no damage.
The earth elemental is moderately damaged.
The earth elemental hits you!
You emit a cloud of dark smoke.
You hit the earth elemental but do no damage.
The earth elemental is moderately damaged.
Your shadow hits the earth elemental but does no damage.
You completely miss the earth elemental.
The earth elemental is moderately damaged.
Your shadow hits the earth elemental but does no damage.
Casting: Confusing Touch (safe; 1% risk of failure)
Confirm with . or Enter, or press ? or * to list all spells.
Aiming: Ensorcelled Hibernation (safe; 1% risk of failure)
Press: ? - help, Shift-Dir - straight line, f/p - hellephant
Aim: a hellephant (black smoke, umbra, chance to affect: 0%)
The hellephant resists with almost no effort.
The hellephant blinks!
The earth elemental closely misses you.
Unknown command.
Really walk into a travel-excluded area?
You enter the shallow water.
Moving in this stuff is going to be slow.
The hellephant breathes flames at you. The blast of flame hits you!!!
Ouch! That really hurt!
You die...

##+##..#..####.#†.#)=▓...[....▓▓.
#...##.####..'.##.#}|▓.......[▓▓.
..#..# ...#..#...####▓.)..[[.)▓▓.
#.#.####..#####..##)#▓...[)...▓▓$
##'###.##..#.['.Y#..#▓..[.[.§.▓▓)
##.##...#..#..#..#..#▓[.[....§▓▓.
'.<.'.##'..####..##§#▓.....§§§▓▓)
##.####.#....###§§E##▓▓▓▓▓▓▓§▓▓▓▓
##'# #.##..§..§§@§§§~~~~~~~~§§§≈≈
##.#####~~....§§#§########'###§≈≈
..#.†#~~~~~~~.§§#§§_._...#÷~~##≈≈
#.#.##~~~~~~~~.~#§§§_._._#~~≈≈###
##+##~~§≈§≈~~~~~#_._._._.#~~~§≈##
~ ~~~~§~≈§≈≈~~~#._._._._#~§~≈§≈#
++ +++#§≈§≈≈≈≈≈~#.._._._.#~§§~~§§
##§≈≈###≈≈#..._._._#~§~~§§#
#§§#...._._.#§~§≈≈≈▓


You could see a hellephant (catching breath) and an earth elemental.

Vanquished Creatures
  A deep elf master archer (D)
  A kraken (D)
  2 sphinxes (D)
  A draconian shifter (D)
  A fire dragon (D)
  A crystal guardian (D)
  An ice dragon (D)
  An iron elemental (D)
  Sonja (D)
  2 death drakes (D)
  2 deep trolls (D)
  A glowing orange brain (D)
  2 unseen horrors (D)
  2 cane toads (D)
  A yaktaur (D)
  3 polar bears (D)
  3 slime creatures (D)
  A hornet (D)
  7 wyverns (D)
  Menkaure (D)
  4 water moccasins (D)
  2 swamp drakes (D)
  4 scorpions (D)
  4 necrophages (D)
  A spectral adder (D)
  3 worms (D)
  A spectral bat (D)
54 creatures vanquished.

Vanquished Creatures (others)
  4 tentacles (D)
4 creatures vanquished.

Grand Total: 58 creatures vanquished

Notes
Turn   | Place    | Note
-------+----------+-------------------------------------------
     0 | D        | Groucho the Spriggan Enchanter began the quest for the Orb.
     0 | D        | Reached XP level 1. HP: 9/9 MP: 5/5
     1 | D        | Noticed a wyvern
     1 | D        | Noticed a wyvern
     6 | D        | Noticed a necrophage
     6 | D        | Noticed a necrophage
     6 | D        | Noticed a necrophage
     6 | D        | Noticed a necrophage
    11 | D        | Killed a necrophage
    12 | D        | Reached skill level 1 in Fighting
    12 | D        | Reached skill level 7 in Stealth
    12 | D        | Reached skill level 5 in Hexes
    12 | D        | Reached XP level 2. HP: 15/15 MP: 6/8
    12 | D        | Reached XP level 3. HP: 18/18 MP: 6/9
    16 | D        | Killed a necrophage
    17 | D        | Reached skill level 5 in Dodging
    17 | D        | Reached skill level 8 in Stealth
    17 | D        | Reached XP level 4. HP: 23/23 MP: 6/11
    29 | D        | Killed a necrophage
    30 | D        | Reached skill level 9 in Stealth
    30 | D        | Reached skill level 5 in Spellcasting
    30 | D        | Reached XP level 5. HP: 20/28 MP: 7/13
    35 | D        | Reached skill level 10 in Stealth
    52 | D        | Reached skill level 5 in Short Blades
    52 | D        | Reached skill level 11 in Stealth
    52 | D        | Reached XP level 6. HP: 25/32 MP: 10/16
    55 | D        | Reached skill level 12 in Stealth
   222 | D        | Learned a level 2 spell: Ensorcelled Hibernation
   226 | D        | Learned a level 3 spell: Confusing Touch
   230 | D        | Learned a level 3 spell: Dazzling Flash
   234 | D        | Learned a level 3 spell: Tukima's Dance
   237 | D        | Killed a wyvern
   238 | D        | Reached skill level 13 in Stealth
   238 | D        | Reached skill level 10 in Hexes
   238 | D        | Reached XP level 7. HP: 38/38 MP: 16/18
   246 | D        | Killed a wyvern
   276 | D        | Found Xin Aved's Antique Weapon Boutique.
   276 | D        | Found Waheil's Magic Scroll Shop.
   276 | D        | Found Caasma's Distillery.
   276 | D        | Found Conostoa's Jewellery Shop.
   277 | D        | Found Sivamuux's Antique Armour Shop.
   277 | D        | Found Wehemm's Book Boutique.
   277 | D        | Found Isiolor's General Store.
   277 | D        | Found Yqudgh's Antique Weapon Boutique.
   277 | D        | Found Vaehis's Distillery.
   277 | D        | Found Serideif's Distillery.
   278 | D        | Found Onecsema's Antique Armour Boutique.
   278 | D        | Found Xyeqyadgho's Jewellery Shop.
   278 | D        | Found Heigoemp's Assorted Antiques.
   278 | D        | Found Nytept's Jewellery Boutique.
   278 | D        | Noticed Menkaure
   328 | D        | Killed Menkaure
   360 | D        | Noticed a great orb of eyes
   360 | D        | Noticed an oklob plant
   361 | D        | Found Pitef's Book Shoppe.
   372 | D        | Noticed a manticore
   372 | D        | Noticed a manticore
   397 | D        | Bought a runed scarf for 152 gold pieces
   425 | D        | Bought a glowing scarf for 120 gold pieces
   449 | D        | Bought a ring of poison resistance for 240 gold pieces
   455 | D        | Bought a potion of flight for 42 gold pieces
   484 | D        | Found an iron altar of Okawaru.
   484 | D        | Found an opulent altar of Gozag.
   485 | D        | Found a sparkling altar of Nemelex Xobeh.
   485 | D        | Found a blossoming altar of Fedhas.
   486 | D        | Found a radiant altar of Vehumet.
   486 | D        | Found a burning altar of Makhleb.
   486 | D        | Found a white marble altar of Elyvilon.
   487 | D        | Found a hide-covered altar of Uskayaw.
   487 | D        | Found a corrupted altar of Lugonu.
   487 | D        | Found a shadowy altar of Dithmenos.
   488 | D        | Noticed a polar bear
   501 | D        | Reached skill level 5 in Fighting
   501 | D        | Reached skill level 14 in Stealth
   501 | D        | Reached skill level 1 in Evocations
   501 | D        | Reached XP level 8. HP: 43/43 MP: 16/21
   506 | D        | Killed a polar bear
   523 | D        | Found a glowing silver altar of Zin.
   523 | D        | Found a bloodstained altar of Trog.
   523 | D        | Found an ancient bone altar of Kikubaaqudgha.
   527 | D        | Found a basalt altar of Yredelemnul.
   527 | D        | Found a shimmering blue altar of Sif Muna.
   527 | D        | Found a viscous altar of Jiyva.
   528 | D        | Found a shimmering altar of Xom.
   528 | D        | Found a sacrificial altar of Ru.
   530 | D        | Found a glowing golden altar of the Shining One.
   530 | D        | Found an ornate altar of the Wu Jian Council.
   530 | D        | Found a stormy altar of Qazlal.
   530 | D        | Found a snail-covered altar of Cheibriados.
   530 | D        | Found a hazy altar of Hepliaklqana.
   530 | D        | Noticed a hornet
   531 | D        | Noticed a yaktaur
   537 | D        | Became a worshipper of Dithmenos the Shadowed
   547 | D        | Noticed a polar bear
   547 | D        | Noticed a polar bear
   548 | D        | Killed a polar bear
   550 | D        | Killed a polar bear
   551 | D        | Reached skill level 15 in Stealth
   551 | D        | Reached skill level 5 in Evocations
   551 | D        | Killed a hornet
   551 | D        | Reached * piety under Dithmenos
   553 | D        | Killed a yaktaur
   554 | D        | Reached XP level 9. HP: 39/48 MP: 18/23
   664 | D        | Noticed a death drake
   670 | D        | Noticed a death drake
   670 | D        | Noticed a crystal guardian
   673 | D        | Killed a crystal guardian
   673 | D        | Reached ** piety under Dithmenos
   674 | D        | Reached skill level 10 in Dodging
   674 | D        | Reached skill level 16 in Stealth
   674 | D        | Killed a death drake
   675 | D        | Reached skill level 17 in Stealth
   677 | D        | Killed a death drake
   678 | D        | Reached skill level 10 in Spellcasting
   678 | D        | Reached XP level 10. HP: 53/53 MP: 23/25
   685 | D        | Noticed a cane toad
   685 | D        | Noticed a cane toad
   687 | D        | Killed a cane toad
   687 | D        | Reached *** piety under Dithmenos
   688 | D        | Reached skill level 10 in Evocations
   693 | D        | Killed a cane toad
   715 | D        | Noticed a deep elf master archer
   723 | D        | Killed a deep elf master archer
   723 | D        | Reached **** piety under Dithmenos
   724 | D        | Reached skill level 15 in Hexes
   730 | D        | Noticed an ice dragon
   732 | D        | Killed an ice dragon
   733 | D        | Reached skill level 10 in Short Blades
   746 | D        | Noticed an iron elemental
   747 | D        | Noticed a fire dragon
   751 | D        | Reached ***** piety under Dithmenos
   766 | D        | Killed an iron elemental
   767 | D        | Reached XP level 11. HP: 52/60 MP: 26/28
  1181 | D        | Got the Exposition on Coordinates
  1182 | D        | Identified the amulet "Daang" {rN+++ Regen+ MP-9 Slay+2}
  1240 | D        | Killed a fire dragon
  1240 | D        | Reached ****** piety under Dithmenos
  1241 | D        | Reached skill level 15 in Evocations
  1331 | D        | Noticed a kraken
  1346 | D        | Killed a kraken
  1658 | D        | Noticed a deep troll
  1659 | D        | Noticed a deep troll
  1661 | D        | Killed a deep troll
  1662 | D        | Killed a deep troll
  1684 | D        | Noticed a sphinx
  1685 | D        | Noticed a sphinx
  1687 | D        | Killed a sphinx
  1688 | D        | Reached skill level 1 in Throwing
  1688 | D        | Reached skill level 1 in Invocations
  1689 | D        | Killed a sphinx
  1690 | D        | Reached skill level 5 in Conjurations
  1856 | D        | Noticed a glowing orange brain
  1857 | D        | Noticed Sonja
  1857 | D        | Noticed a hellephant
  1857 | D        | Noticed a purple draconian shifter
  1858 | D        | Killed a glowing orange brain
  1860 | D        | Killed Sonja
  1861 | D        | Reached skill level 15 in Dodging
  1863 | D        | Killed a purple draconian shifter
  1864 | D        | Reached XP level 12. HP: 55/67 MP: 22/31
  2426 | D        | Noticed an electric golem
  2426 | D        | Noticed an iron golem
  2769 | D        | Killed from afar by a hellephant

Illustrated notes

Levels and vault maps discovered:
D:        the_violet_keep_of_menkaure [sprint2_stairs_cluster_1,
          sprint2_shoproom, sprint2_temple, sprint2_basic_supplies,
          sprint2_obstacle_5, sprint2_obstacle_7, sprint2_obstacle_3,
          sprint2_obstacle_2, sprint2_obstacle_6, sprint2_timed_cluster_1,
          sprint2_smallroom_cluster_1, sprint2_smallroom_final_cluster_1,
          sprint2_transparent_cluster_1, sprint2_second_timed_cluster_1,
          sprint2_sniper_area_1, sprint2_heavy_combat_area_1,
          sprint2_mutation_trap_area_1, sprint2_forest_area_1,
          sprint2_light_combat_area_1, sprint2_behind_water_1,
          sprint2_near_end_vault_1]

Skill      XL: |  1  2  3  4  5  6  7  8  9 10 11 |
---------------+----------------------------------+-----
Fighting       | 1 2 3 4 5 6 8 9 |  9.9
Short Blades   | 2 3 4 5 6 7 8 10 | 10.0
Dodging        | 4 5 6 7 8 9 10 12 15 | 15.2
Stealth        | 7 8 9 11 13 14 15 17 | 17.0
Spellcasting   | 4 5 6 7 8 9 10 12 14 | 14.2
Hexes          | 5 6 7 8 10 11 12 13 15 | 15.0
Evocations     | 1 6 9 14 15 | 15.0
Conjurations   | 6 |  6.2
Throwing       | 4 |  4.0
Invocations    | 3 |  3.9

Action                   |  1- 3 |  4- 6 |  7- 9 | 10-12 || total
-------------------------+-------+-------+-------+-------++-------
Melee: Dagger            |     7 |    24 |    26 |   108 ||   165
       Punch             |       |       |     1 |     1 ||     2
 Cast: Ensorcelled Hiber |       |       |     4 |    15 ||    19
       Confusing Touch   |       |       |     3 |     3 ||     6
Invok: Shadow Step       |       |       |       |     3 ||     3
 Abil: Evoke Invisibilit |       |       |     1 |     3 ||     4
  Use: Potion            |     3 |       |     2 |     4 ||     9
 Stab: Invisible         |     1 |     3 |       |     6 ||    10
       Sleeping          |       |     7 |    12 |    29 ||    48
       Confused          |       |       |     3 |     3 ||     6
Armor: Robe              |       |       |       |     1 ||     1
Dodge: Dodged            |     2 |    12 |     4 |    60 ||    78
Block: Other             |       |       |       |    13 ||    13
